 Dungeon Crawl Stone Soup version 0.19.0 (webtiles) character file.

21 lorenzova the Sneak (level 2, 0/13 HPs)
             Began as a Spriggan Enchanter on Nov 1, 2016.
             Slain by a worm (7 damage)
             ... on level 2 of the Dungeon.
             The game lasted 00:01:05 (1128 turns).

lorenzova the Sneak (Spriggan Enchanter)            Turns: 1128, Time: 00:01:06

Health: 0/13       AC:  3    Str:  4    XL:     2   Next: 62%
Magic:  2/7        EV: 19    Int: 16    God:
Gold:   90         SH:  0    Dex: 21    Spells: 2 memorised, 4 levels left

rFire  + . .     SeeInvis +     a - +1 dagger
rCold  x . .     Gourm    .     b - +1 robe
rNeg   . . .     Faith    .     (shield restricted)
rPois  .         Spirit   .     (helmet restricted)
rElec  .         Reflect  .     (no cloak)
rCorr  .         Harm     .     (gloves unavailable)
MR     .....                    (boots unavailable)
Stlth  +++.......               (no amulet)
                                g - ring of fire
                                e - +5 ring of dexterity

@: very slightly contaminated, very quick
A: unfitting armour, see invisible, herbivore 3, speed 3, slow metabolism 2
a: no special abilities


You were on level 2 of the Dungeon.
You were not hungry.

You visited 1 branch of the dungeon, and saw 2 of its levels.

You collected 90 gold pieces.

Inventory:

Hand Weapons
 a - a +1 dagger (weapon)
Armour
 b - a +1 robe (worn)
Jewellery
 e - a +5 ring of dexterity (left hand)
 g - a ring of fire (right hand)
Scrolls
 f - 2 scrolls of enchant weapon {unknown}
 i - a scroll of amnesia {unknown}
 j - 2 scrolls of recharging {unknown}
 k - a scroll of teleportation {unknown}
 m - 2 scrolls of fog {unknown}
Potions
 h - a potion of haste {unknown}
 n - 2 potions of brilliance {unknown}
Books
 c - a book of Maledictions

   Spells                             Type                      Level
   a - Corona                         Hexes                        1
   b - Ensorcelled Hibernation        Hexes/Ice                    2
   c - Confuse                        Hexes                        3
   d - Tukima's Dance                 Hexes                        3
   e - Dazzling Spray                 Conjuration/Hexes            3
Comestibles
 d - 2 bread rations
 l - 3 fruits


   Skills:
 - Level 1.1 Short Blades
 - Level 3.0 Dodging
 + Level 5.3 Stealth
 + Level 3.1 Spellcasting
 + Level 3.9 Hexes


You had 4 spell levels left.
You knew the following spells:

 Your Spells              Type           Power        Failure   Level  Hunger
a - Corona                Hex            ###....      4%          1    #......
b - Ensorcelled Hibernat  Hex/Ice        #.....       14%         2    ##.....


Dungeon Overview and Level Annotations

Branches:
Dungeon (2/15)

Altars:


Innate Abilities, Weirdness & Mutations

You are very small and have problems with some larger weapons.
You are too small for most types of armour.
You have supernaturally acute eyesight. (SInv)
You are a herbivore.
You cover ground extremely quickly.
You need consume almost no food.


Message History

You hit the worm.
The worm is moderately wounded.
You barely miss the worm.
The worm is moderately wounded.
The worm bites you but does no damage.
You hit the worm.
The worm is moderately wounded.
You hit the worm.
The worm is heavily wounded.
The worm barely misses you.
You hit the worm but do no damage.
The worm is heavily wounded.
The worm bites you.
You barely miss the worm.
The worm is moderately wounded.
You hit the worm but do no damage.
The worm is moderately wounded.
The worm bites you!
Ouch! That really hurt!
You die...

##### #...######
###........#
#..........#######
#.##.#####........
#.##.# #@####### #.
#.##.# #w# #.# #.##.#
#K# #.# #.##.# #$#
#.# #.##.# #.# #. #.#
#.##.# #.# ...
#.####.##.# #.. ..#
##.........########.#
#...............#...#


You could see a worm and a kobold.

Vanquished Creatures
  A leopard gecko (D:1)
  A ball python (D:1)
  A giant cockroach (D:1)
  A goblin (D:1)
  2 hobgoblins
  5 bats
  4 frilled lizards (D:1)
  3 kobolds
  2 rats (D:2)
20 creatures vanquished.

Notes
Turn   | Place    | Note
-------+----------+-------------------------------------------
     0 | D:1      | lorenzova the Spriggan Enchanter began the quest for the Orb.
     0 | D:1      | Reached XP level 1. HP: 9/9 MP: 5/5
   453 | D:1      | Reached XP level 2. HP: 13/13 MP: 6/6
   462 | D:1      | Learned a level 2 spell: Ensorcelled Hibernation
   535 | D:1      | Reached skill level 5 in Stealth
  1128 | D:2      | Slain by a worm

Skill      XL: |  1  2 |
---------------+-------+-----
Stealth        | 5 |  5.3
Spellcasting   | 3 |  3.1
Short Blades   | |  1.1
Dodging        | |  3.0
Hexes          | |  3.9

Action                   || total
-------------------------++-------
Melee: Dagger            ||    96
 Cast: Ensorcelled Hiber ||     3
 Stab: Sleeping          ||     6
Armor: Robe              ||    19
Dodge: Dodged            ||   103
